Stars vs Flyers

Created - April 27, 2025 at 22:33

Goals
1 2 3 T
Stars 0 0 0 0
Flyers 0 1 1 2
Shots
1 2 3 T
Stars 5 16 10 31
Flyers 13 12 7 32

1st period

No Goal

Penalties :
Lucas Wallmarkk (Phi) for Hooking (Minor) at 6:39, Kevin Hayes (Phi) for High sticking (Double Minor) at 13:18

2nd period

1. Flyers , Nick Ritchie 38 (Travis Konecny 30, Jordan Nolan 62) at 3:28 (PP)

Penalties :
Tyler Wotherspoon (Dal) for Tripping (Minor) at 3:16, Alexandre Grenier (Phi) for High sticking (Minor) at 10:26

3rd period

2. Flyers , Kasperi Kapanen 31 (Samuel Morin 19, Kevin Hayes 38) at 19:15 (Empty Net)

Penalties :
Sidney Crosby (Dal) for Hooking (Minor) at 2:52, Calle Jarnkrok (Phi) for Tripping (Minor) at 5:21

Goalie Stats

Matt Murray (Dal), 30 saves from 31 shots - (0.968), L, 25-27-4, 59:31 minutes
Ilya Sorokin (Phi), 31 saves from 31 shots - (1.000), W, 6-9-3, 60:00 minutes

Players Stats for Stars

Player Name              G  A  P  +/- PIM S  H  SB GA TA FO     MP     PP MP  PK MP  
------------------------------------------------------------------------------------
Adam Tambellini          0  0  0   0  0   0  0  0  1  0  0/0     9:05   0:47   0:28 
Alex Chiasson            0  0  0   0  0   3  1  1  1  0  1/1    16:55   4:35   0:45 
Andrej Sustr             0  0  0   0  0   1  1  0  0  2  0/0    26:35   4:56   1:30 
Anton Cederholm          0  0  0  -1  0   0  0  0  0  0  0/0    12:51   0:53   0:00 
Ben Chiarot              0  0  0   0  0   1  2  1  1  1  0/0    20:43   4:51   0:41 
Cam Atkinson             0  0  0   0  0   4  2  0  1  0  0/0    12:40   0:56   0:00 
Christopher Tanev        0  0  0  -1  0   1  0  1  0  1  0/0    12:33   0:00   0:00 
Evgeny Grachev           0  0  0   0  0   2  0  0  1  0  6/19   17:05   4:36   0:54 
Evgeny Kuznetsov         0  0  0   0  0   1  2  0  0  0  2/7    12:24   0:20   0:20 
Guillaume Latendresse    0  0  0   0  0   1  1  0  0  1  0/1    16:45   4:35   0:35 
Henrik Borgstrom         0  0  0   0  0   0  1  0  0  0  2/2     7:50   0:00   0:00 
Jake Guentzel            0  0  0  -1  0   4  1  0  2  0  1/1    22:17   4:25   1:08 
Michael Grabner          0  0  0  -1  0   0  0  0  1  0  2/3    21:09   4:25   0:00 
Paul Ladue               0  0  0   0  0   2  6  2  0  1  0/0    26:35   4:21   1:30 
Scott Kosmachuck         0  0  0   0  0   0  0  1  0  0  0/0     7:50   0:00   0:00 
Sidney Crosby            0  0  0  -1  2   5  0  1  0  0  14/29  21:19   4:24   0:12 
Tobias Rieder            0  0  0   0  0   4  0  0  0  0  0/0    12:29   0:45   0:00 
Tyler Wotherspoon        0  0  0   0  2   2  1  1  0  0  0/0    20:42   4:51   0:41 

Players Stats for Flyers

Player Name              G  A  P  +/- PIM S  H  SB GA TA FO     MP     PP MP  PK MP  
------------------------------------------------------------------------------------
Alexandre Grenier        0  0  0   0  2   0  0  0  0  0  0/1     9:06   0:00   0:00 
Brian Lashoff            0  0  0   0  0   2  1  2  1  1  0/0    24:03   0:34   4:53 
Cal Foote                0  0  0   1  0   1  0  0  0  1  0/0    18:06   0:33   4:49 
Calle Jarnkrok           0  0  0   0  2   1  2  1  0  0  5/9    13:47   0:00   3:19 
Erik Karlsson            0  0  0   0  0   1  2  0  0  0  0/0    18:12   0:55   0:14 
Hampus Lindholm          0  0  0   0  0   4  1  0  1  0  0/0    26:27   0:12   4:53 
Jacob Trouba             0  0  0   0  0   0  0  1  0  1  0/0    20:13   1:04   4:49 
Jordan Nolan             0  1  1   0  0   1  0  1  0  0  14/19  19:01   1:09   1:21 
Kasperi Kapanen          1  0  1   1  0   3  1  0  0  0  1/1    13:19   1:02   0:00 
Kevin Hayes              0  1  1   1  4   4  2  1  0  0  9/21   16:40   1:02   3:07 
Lucas Wallmarkk          0  0  0   0  2   3  1  0  0  1  2/2     8:45   0:00   0:00 
Max Pacioretty           0  0  0   0  0   1  3  1  0  0  1/2    17:32   1:02   4:19 
Michael Bournival        0  0  0   0  0   1  2  0  0  1  0/1     9:54   0:00   0:52 
Nathan Beaulieu          0  0  0   1  0   1  1  0  1  2  0/0    12:59   1:04   0:14 
Nick Ritchie             1  0  1   0  0   3  1  0  1  1  2/4    19:57   1:09   2:09 
Niclas Bergfors          0  0  0   0  0   2  0  1  0  0  0/0     9:45   0:00   0:00 
Samuel Morin             0  1  1   1  0   1  1  1  1  0  0/0    14:52   0:00   4:45 
Travis Konecny           0  1  1   0  0   3  1  0  1  0  1/3    17:22   1:09   0:00 

3 Stars

1 - Ilya Sorokin (Phi)
2 - Matt Murray (Dal)
3 - Kasperi Kapanen (Phi)

Power Play

Stars - 0 on 5 Attempt(s) - 0.00%
Flyers - 1 on 2 Attempt(s) - 50.00%

Penalty Kill

Stars - 1 on 2 Attempt(s) - 50.00% - Score 0 goal in Penalty Kill
Flyers - 5 on 5 Attempt(s) - 100.00% - Score 0 goal in Penalty Kill

Team Stat

Stars - Hits : 18 - Faceoff Wins : 28 - Blocked Shots : 8 - Penalty Minutes : 4
Flyers - Hits : 19 - Faceoff Wins : 35 - Blocked Shots : 9 - Penalty Minutes : 10

Official

Referees : Gord Dwyer and Kevin Pollock
Linesman : James Tobias and Ryan Daisy

Game Notes

Kasperi Kapanen has scored in a empty net!

Finance

Level 1 -- Attendance: 5422 (90.37%) -- Ticket Income $542,200
Level 2 -- Attendance: 4978 (99.56%) -- Ticket Income $348,460
Level 3 -- Attendance: 2000 (100.00%) -- Ticket Income $80,000
Level 4 -- Attendance: 3579 (89.48%) -- Ticket Income $107,370
Luxury Box -- Attendance: 915 (91.50%) -- Ticket Income $183,000
Game was played at the Wells Fargo Center.
Total Attendance: 16894 (93.86%)
Total Ticket Income: $1,261,030
Other Income: $189,154
Total Income: $1,450,184

Stars

5 vs 5 Forward 
   Center                   Left Wing                Right Wing               Time % Phy DF OF 
 1 Sidney Crosby            Jake Guentzel            Michael Grabner          40     1   2  2  
 2 Evgeny Grachev           Guillaume Latendresse    Alex Chiasson            30     1   2  2  
 3 Evgeny Kuznetsov         Tobias Rieder            Cam Atkinson             20     1   2  2  
 4 Henrik Borgstrom         Adam Tambellini          Scott Kosmachuck         10     1   2  2  

5 vs 5 Defense 
   Defense                  Defense                                           Time % Phy DF OF 
 1 Andrej Sustr             Paul Ladue                                        40     1   2  2  
 2 Ben Chiarot              Tyler Wotherspoon                                 30     1   2  2  
 3 Christopher Tanev        Anton Cederholm                                   20     1   2  2  
 4 Andrej Sustr             Paul Ladue                                        10     1   2  2  

PowerPlay Forward 
   Center                   Left Wing                Right Wing               Time % Phy DF OF 
 1 Sidney Crosby            Jake Guentzel            Michael Grabner          60     0   2  3  
 2 Evgeny Grachev           Guillaume Latendresse    Alex Chiasson            40     0   2  3  

PowerPlay Defense
   Defense                  Defense                                           Time % Phy DF OF 
 1 Andrej Sustr             Paul Ladue                                        60     1   2  2  
 2 Ben Chiarot              Tyler Wotherspoon                                 40     1   2  2  

Penalty Kill 4 Players Forward 
   Center                   Wing                     Time % Phy DF OF 
 1 Sidney Crosby            Jake Guentzel            60     1   2  2  
 2 Evgeny Grachev           Guillaume Latendresse    40     1   2  2  

Penalty Kill 4 Players Defense
   Defense                  Defense                  Time % Phy DF OF 
 1 Andrej Sustr             Paul Ladue               60     0   3  2  
 2 Ben Chiarot              Tyler Wotherspoon        40     0   3  2  

Penalty Kill - 3 Players Forward 
   Forward                                           Time % Phy DF OF 
 1 Sidney Crosby                                     60     1   2  2  
 2 Evgeny Grachev                                    40     1   2  2  

Penalty Kill - 3 Players Defense
   Defense                  Defense                  Time % Phy DF OF 
 1 Andrej Sustr             Paul Ladue               60     0   3  2  
 2 Ben Chiarot              Tyler Wotherspoon        40     0   3  2  

4 vs 4 Forward 
   Center                   Wing                     Time % Phy DF OF 
 1 Sidney Crosby            Jake Guentzel            60     0   2  3  
 2 Evgeny Grachev           Guillaume Latendresse    40     0   2  3  

4 vs 4 Defense
   Defense                  Defense                  Time % Phy DF OF 
 1 Andrej Sustr             Paul Ladue               60     1   2  2  
 2 Ben Chiarot              Tyler Wotherspoon        40     1   2  2  

Last Minutes Offensive
   Center                   Left Wing                Right Wing               Defense                  Defense                  
   Sidney Crosby            Jake Guentzel            Michael Grabner          Andrej Sustr             Paul Ladue               

Last Minutes Defensive
   Center                   Left Wing                Right Wing               Defense                  Defense                  
   Sidney Crosby            Jake Guentzel            Michael Grabner          Andrej Sustr             Paul Ladue               

Goaltenders
Starting : Matt Murray              
Backup : Michael Houser           

Extra Forwards
Normal : Alex Chiasson, Tobias Rieder, Evgeny Grachev - PP : Alex Chiasson, Tobias Rieder - PK : Alex Chiasson
Extra Defensemen
Normal : Tyler Wotherspoon, Christopher Tanev, Anton Cederholm - PP : Tyler Wotherspoon - PK : Tyler Wotherspoon, Christopher Tanev
Penalty Shots
Sidney Crosby, Jake Guentzel, Michael Grabner, Guillaume Latendresse, Alex Chiasson
Custom OT Lines Forwards
Sidney Crosby, Jake Guentzel, Michael Grabner, Guillaume Latendresse, Alex Chiasson, Tobias Rieder, Evgeny Grachev, Cam Atkinson, Scott Kosmachuck, Evgeny Kuznetsov
Custom OT Lines Defensemen
Andrej Sustr, Paul Ladue, Ben Chiarot, Tyler Wotherspoon, Christopher Tanev

Scratches
Wiley Sherman (Healthy)

Flyers

5 vs 5 Forward 
   Center                   Left Wing                Right Wing               Time % Phy DF OF 
 1 Jordan Nolan             Nick Ritchie             Travis Konecny           40     0   2  3  
 2 Kevin Hayes              Max Pacioretty           Kasperi Kapanen          30     0   2  3  
 3 Calle Jarnkrok           Samuel Morin             Niclas Bergfors          22     0   3  2  
 4 Lucas Wallmarkk          Michael Bournival        Alexandre Grenier        8      1   3  1  

5 vs 5 Defense 
   Defense                  Defense                                           Time % Phy DF OF 
 1 Hampus Lindholm          Brian Lashoff                                     40     0   3  2  
 2 Jacob Trouba             Erik Karlsson                                     33     0   2  3  
 3 Nathan Beaulieu          Cal Foote                                         20     0   3  2  
 4 Hampus Lindholm          Erik Karlsson                                     7      0   2  3  

PowerPlay Forward 
   Center                   Left Wing                Right Wing               Time % Phy DF OF 
 1 Jordan Nolan             Nick Ritchie             Travis Konecny           55     0   1  4  
 2 Kevin Hayes              Max Pacioretty           Kasperi Kapanen          45     0   1  4  

PowerPlay Defense
   Defense                  Defense                                           Time % Phy DF OF 
 1 Hampus Lindholm          Brian Lashoff                                     55     0   1  4  
 2 Nathan Beaulieu          Jacob Trouba                                      45     0   1  4  

Penalty Kill 4 Players Forward 
   Center                   Wing                     Time % Phy DF OF 
 1 Kevin Hayes              Samuel Morin             60     1   4  0  
 2 Calle Jarnkrok           Max Pacioretty           40     1   4  0  

Penalty Kill 4 Players Defense
   Defense                  Defense                  Time % Phy DF OF 
 1 Hampus Lindholm          Brian Lashoff            55     1   4  0  
 2 Jacob Trouba             Cal Foote                45     1   4  0  

Penalty Kill - 3 Players Forward 
   Forward                                           Time % Phy DF OF 
 1 Kevin Hayes                                       55     1   4  0  
 2 Jordan Nolan                                      45     1   4  0  

Penalty Kill - 3 Players Defense
   Defense                  Defense                  Time % Phy DF OF 
 1 Hampus Lindholm          Brian Lashoff            55     1   4  0  
 2 Jacob Trouba             Cal Foote                45     1   4  0  

4 vs 4 Forward 
   Center                   Wing                     Time % Phy DF OF 
 1 Jordan Nolan             Nick Ritchie             55     0   2  3  
 2 Kevin Hayes              Kasperi Kapanen          45     0   2  3  

4 vs 4 Defense
   Defense                  Defense                  Time % Phy DF OF 
 1 Hampus Lindholm          Brian Lashoff            55     0   3  2  
 2 Jacob Trouba             Erik Karlsson            45     0   3  2  

Last Minutes Offensive
   Center                   Left Wing                Right Wing               Defense                  Defense                  
   Jordan Nolan             Nick Ritchie             Kasperi Kapanen          Hampus Lindholm          Brian Lashoff            

Last Minutes Defensive
   Center                   Left Wing                Right Wing               Defense                  Defense                  
   Kevin Hayes              Samuel Morin             Kasperi Kapanen          Hampus Lindholm          Brian Lashoff            

Goaltenders
Starting : Ilya Sorokin             
Backup : Steve Mason              

Extra Forwards
Normal : Nick Ritchie, Kasperi Kapanen, Calle Jarnkrok - PP : Nick Ritchie, Kevin Hayes - PK : Nick Ritchie
Extra Defensemen
Normal : Hampus Lindholm, Erik Karlsson, Nathan Beaulieu - PP : Hampus Lindholm - PK : Hampus Lindholm, Erik Karlsson
Penalty Shots
Niclas Bergfors, Jordan Nolan, Kasperi Kapanen, Travis Konecny, Nick Ritchie
Custom OT Lines Forwards
Jordan Nolan, Nick Ritchie, Kasperi Kapanen, Niclas Bergfors, Travis Konecny, Max Pacioretty, Samuel Morin, Kevin Hayes, Calle Jarnkrok, Michael Bournival
Custom OT Lines Defensemen
Hampus Lindholm, Brian Lashoff, Erik Karlsson, Nathan Beaulieu, Jacob Trouba

Scratches
None


% Time on Ice - Stars

Lines # - Real PCT - Wanted PCT - Time Play
Normal Forward
1 - 35% - 40% - 16:31
2 - 24% - 30% - 11:35
3 - 25% - 20% - 11:44
4 - 16% - 10% - 7:50
Normal Defense
1 - 37% - 40% - 17:32
2 - 32% - 30% - 15:11
3 - 25% - 20% - 11:45
4 - 7% - 10% - 3:12
PP Forward
1 - 52% - 60% - 5:12
2 - 48% - 40% - 4:44
PP Defense
1 - 51% - 60% - 5:05
2 - 49% - 40% - 4:51
PK Forward
1 - 100% - 60% - 2:11
2 - 0% - 40% - 0:00
PK Defense
1 - 69% - 60% - 1:30
2 - 31% - 40% - 0:41
PK3 Forward
1 - 0% - 60%
2 - 0% - 40%
PK3 Defense
1 - 0% - 60%
2 - 0% - 40%
44 Forward
1 - 0% - 60%
2 - 0% - 40%
44 Defense
1 - 0% - 60%
2 - 0% - 40%
Last Minute Offensive  - 0:13
Last Minute Defensive  - 0:00
Total
Forward - 60:00
Defense - 60:00

% Time on Ice - Flyers

Lines # - Real PCT - Wanted PCT - Time Play
Normal Forward
1 - 35% - 40% - 16:50
2 - 26% - 30% - 12:22
3 - 20% - 22% - 9:45
4 - 18% - 8% - 8:44
Normal Defense
1 - 36% - 40% - 17:24
2 - 30% - 33% - 14:20
3 - 24% - 20% - 11:21
4 - 10% - 7% - 4:36
PP Forward
1 - 53% - 55% - 1:09
2 - 47% - 45% - 1:02
PP Defense
1 - 26% - 55% - 0:34
2 - 74% - 45% - 1:37
PK Forward
1 - 73% - 60% - 7:15
2 - 27% - 40% - 2:41
PK Defense
1 - 52% - 55% - 5:07
2 - 48% - 45% - 4:49
PK3 Forward
1 - 0% - 55%
2 - 0% - 45%
PK3 Defense
1 - 0% - 55%
2 - 0% - 45%
44 Forward
1 - 0% - 55%
2 - 0% - 45%
44 Defense
1 - 0% - 55%
2 - 0% - 45%
Last Minute Offensive  - 0:00
Last Minute Defensive  - 0:12
Total
Forward - 60:00
Defense - 60:00

Play-by-Play

1st period


0:01 of 1st period - Sidney Crosby wins face-off versus Jordan Nolan in neutral zone.
0:11 of 1st period - Slapshot by Paul Ladue.
0:11 of 1st period - Deflect By Hampus Lindholm.
0:11 of 1st period - Stopped by Ilya Sorokin with a rebound.
1:00 of 1st period - Wrist shot by Cam Atkinson.
1:00 of 1st period - Shot Misses the Net.
1:16 of 1st period - Slapshot by Michael Bournival.
1:16 of 1st period - Shot Blocked by Paul Ladue.
1:18 of 1st period - Wrist shot by Erik Karlsson.
1:18 of 1st period - Deflect By Michael Bournival.
1:18 of 1st period - Shot Blocked by Scott Kosmachuck.
1:18 of 1st period - Puck is out of play.
1:19 of 1st period - Henrik Borgstrom wins face-off versus Alexandre Grenier in Stars zone.
1:36 of 1st period - Slapshot by Lucas Wallmarkk.
1:36 of 1st period - Stopped by Matt Murray with a rebound.
1:38 of 1st period - Snap shot by Lucas Wallmarkk.
1:38 of 1st period - Stopped by Matt Murray without a rebound.
1:39 of 1st period - Sidney Crosby wins face-off versus Jordan Nolan in Stars zone.
1:39 of 1st period - Sidney Crosby is hit by Nick Ritchie.
1:46 of 1st period - Off-side.
1:47 of 1st period - Jordan Nolan wins face-off versus Sidney Crosby in neutral zone.
2:12 of 1st period - Wrist shot by Nick Ritchie.
2:12 of 1st period - Stopped by Matt Murray without a rebound.
2:13 of 1st period - Max Pacioretty wins face-off versus Evgeny Grachev in Stars zone.
2:40 of 1st period - Tobias Rieder is hit by Nathan Beaulieu and loses puck.
2:47 of 1st period - Wrist shot by Niclas Bergfors.
2:47 of 1st period - Stopped by Matt Murray with a rebound.
2:51 of 1st period - Slapshot by Hampus Lindholm.
2:51 of 1st period - Stopped by Matt Murray with a rebound.
3:45 of 1st period - Snap shot by Evgeny Grachev.
3:45 of 1st period - Shot Misses the Net.
3:47 of 1st period - Slapshot by Paul Ladue.
3:47 of 1st period - Shot Blocked by Max Pacioretty.
3:49 of 1st period - Slapshot by Alex Chiasson.
3:49 of 1st period - Stopped by Ilya Sorokin without a rebound.
3:50 of 1st period - Kasperi Kapanen wins face-off versus Evgeny Grachev in Flyers zone.
4:26 of 1st period - Slapshot by Nick Ritchie.
4:26 of 1st period - Shot Misses the Net.
5:07 of 1st period - Wrist shot by Lucas Wallmarkk.
5:07 of 1st period - Shot Misses the Net.
5:43 of 1st period - Snap shot by Niclas Bergfors.
5:43 of 1st period - Stopped by Matt Murray with a rebound.
6:39 of 1st period - Minor Penalty to Lucas Wallmarkk for Hooking.
6:40 of 1st period - Sidney Crosby wins face-off versus Kevin Hayes in Flyers zone.
6:43 of 1st period - Snap shot by Michael Grabner.
6:43 of 1st period - Deflect By Sidney Crosby.
6:43 of 1st period - Shot Misses the Net.
6:43 of 1st period - Puck is out of play.
6:44 of 1st period - Michael Grabner wins face-off versus Kevin Hayes in Flyers zone.
6:45 of 1st period - Backhand shot by Sidney Crosby.
6:45 of 1st period - Shot Misses the Net.
6:47 of 1st period - Slapshot by Ben Chiarot.
6:47 of 1st period - Shot Blocked by Brian Lashoff.
6:49 of 1st period - Slapshot by Tyler Wotherspoon.
6:49 of 1st period - Stopped by Ilya Sorokin with a rebound.
6:51 of 1st period - Snap shot by Jake Guentzel.
6:51 of 1st period - Shot Blocked by Kevin Hayes.
7:26 of 1st period - Wrist shot by Jake Guentzel.
7:26 of 1st period - Stopped by Ilya Sorokin without a rebound.
7:27 of 1st period - Evgeny Grachev wins face-off versus Kevin Hayes in Flyers zone.
7:36 of 1st period - Wrist shot by Alex Chiasson.
7:36 of 1st period - Shot Misses the Net.
7:38 of 1st period - Slapshot by Tyler Wotherspoon.
7:38 of 1st period - Shot Misses the Net.
8:39 of 1st period - Penalty to Lucas Wallmarkk is over, Lucas Wallmarkk is back on ice.
8:50 of 1st period - Nick Ritchie is hit by Paul Ladue and loses puck.
9:05 of 1st period - Christopher Tanev is hit by Erik Karlsson and loses puck.
9:16 of 1st period - Wrist shot by Michael Bournival.
9:16 of 1st period - Stopped by Matt Murray without a rebound.
9:17 of 1st period - Calle Jarnkrok wins face-off versus Guillaume Latendresse in Stars zone.
9:29 of 1st period - Icing by Calle Jarnkrok.
9:30 of 1st period - Sidney Crosby wins face-off versus Calle Jarnkrok in Flyers zone.
9:53 of 1st period - Snap shot by Niclas Bergfors.
9:53 of 1st period - Shot Blocked by Ben Chiarot.
9:55 of 1st period - Wrist shot by Hampus Lindholm.
9:55 of 1st period - Shot Blocked by Tyler Wotherspoon.
10:15 of 1st period - Snap shot by Samuel Morin.
10:15 of 1st period - Stopped by Matt Murray with a rebound.
10:17 of 1st period - Slapshot by Calle Jarnkrok.
10:17 of 1st period - Shot Blocked by Sidney Crosby.
10:19 of 1st period - Slapshot by Brian Lashoff.
10:19 of 1st period - Stopped by Matt Murray with a rebound.
10:21 of 1st period - Wrist shot by Calle Jarnkrok.
10:21 of 1st period - Stopped by Matt Murray without a rebound.
10:22 of 1st period - Jordan Nolan wins face-off versus Evgeny Grachev in Stars zone.
10:49 of 1st period - Kevin Hayes is hit by Andrej Sustr and loses puck.
11:02 of 1st period - Slapshot by Cal Foote.
11:02 of 1st period - Stopped by Matt Murray with a rebound.
11:34 of 1st period - Slapshot by Paul Ladue.
11:34 of 1st period - Deflect By Nick Ritchie.
11:34 of 1st period - Stopped by Ilya Sorokin without a rebound.
11:35 of 1st period - Travis Konecny wins face-off versus Evgeny Grachev in Flyers zone.
12:10 of 1st period - Wrist shot by Kevin Hayes.
12:10 of 1st period - Stopped by Matt Murray with a rebound.
12:12 of 1st period - Slapshot by Nathan Beaulieu.
12:12 of 1st period - Stopped by Matt Murray without a rebound.
12:13 of 1st period - Evgeny Grachev wins face-off versus Calle Jarnkrok in Stars zone.
13:18 of 1st period - Double Minor Penalty to Kevin Hayes for High sticking.
13:19 of 1st period - Sidney Crosby wins face-off versus Nick Ritchie in Flyers zone.
13:48 of 1st period - Wrist shot by Evgeny Grachev.
13:48 of 1st period - Shot Blocked by Samuel Morin.
15:05 of 1st period - Ben Chiarot is hit by Michael Bournival and loses puck.
15:40 of 1st period - Calle Jarnkrok is hit by Ben Chiarot and loses puck.
15:57 of 1st period - Brian Lashoff is hit by Paul Ladue and loses puck.
16:32 of 1st period - Sidney Crosby is hit by Max Pacioretty and loses puck.
17:18 of 1st period - Penalty to Kevin Hayes is over, Kevin Hayes is back on ice.
17:33 of 1st period - Ben Chiarot is hit by Calle Jarnkrok and loses puck.
19:13 of 1st period - Kevin Hayes is hit by Paul Ladue and loses puck.
19:43 of 1st period - Henrik Borgstrom is hit by Brian Lashoff and loses puck.
Goals for this period are 0 for Stars vs 0 for Flyers.
Shots for this period are 5 for Stars vs 13 for Flyers.

2nd period


0:01 of 2nd period - Jordan Nolan wins face-off versus Sidney Crosby in neutral zone.
0:26 of 2nd period - Paul Ladue is hit by Max Pacioretty and loses puck.
1:25 of 2nd period - Icing by Scott Kosmachuck.
1:26 of 2nd period - Henrik Borgstrom wins face-off versus Jordan Nolan in Stars zone.
1:58 of 2nd period - Snap shot by Travis Konecny.
1:58 of 2nd period - Stopped by Matt Murray without a rebound.
1:59 of 2nd period - Sidney Crosby wins face-off versus Kevin Hayes in Stars zone.
2:13 of 2nd period - Icing by Cal Foote.
2:14 of 2nd period - Kevin Hayes wins face-off versus Evgeny Grachev in Flyers zone.
2:20 of 2nd period - Off-side.
2:21 of 2nd period - Evgeny Grachev wins face-off versus Jordan Nolan in neutral zone.
2:24 of 2nd period - Wrist shot by Guillaume Latendresse.
2:24 of 2nd period - Shot Misses the Net.
2:42 of 2nd period - Snap shot by Andrej Sustr.
2:42 of 2nd period - Stopped by Ilya Sorokin without a rebound.
2:43 of 2nd period - Sidney Crosby wins face-off versus Max Pacioretty in Flyers zone.
3:16 of 2nd period - Minor Penalty to Tyler Wotherspoon for Tripping.
3:17 of 2nd period - Jordan Nolan wins face-off versus Sidney Crosby in Stars zone.
3:24 of 2nd period - Snap shot by Travis Konecny.
3:24 of 2nd period - Shot Misses the Net.
3:26 of 2nd period - Snap shot by Nick Ritchie.
3:26 of 2nd period - Stopped by Matt Murray with a rebound.
3:28 of 2nd period - Snap shot by Nick Ritchie.
3:28 of 2nd period - Goal by Nick Ritchie - Stars : 0 - Flyers : 1.
3:29 of 2nd period - Sidney Crosby wins face-off versus Travis Konecny in neutral zone.
3:34 of 2nd period - Snap shot by Sidney Crosby.
3:34 of 2nd period - Shot Misses the Net.
3:42 of 2nd period - Wrist shot by Jordan Nolan.
3:42 of 2nd period - Stopped by Matt Murray with a rebound.
3:44 of 2nd period - Slapshot by Hampus Lindholm.
3:44 of 2nd period - Shot Misses the Net.
3:46 of 2nd period - Wrist shot by Jordan Nolan.
3:46 of 2nd period - Deflect By Nick Ritchie.
3:46 of 2nd period - Shot Blocked by Paul Ladue.
3:46 of 2nd period - Puck is out of play.
3:47 of 2nd period - Evgeny Grachev wins face-off versus Kevin Hayes in Stars zone.
3:47 of 2nd period - Evgeny Grachev is hit by Max Pacioretty.
4:01 of 2nd period - Slapshot by Max Pacioretty.
4:01 of 2nd period - Shot Blocked by Alex Chiasson.
4:03 of 2nd period - Backhand shot by Erik Karlsson.
4:03 of 2nd period - Stopped by Matt Murray with a rebound.
4:13 of 2nd period - Jordan Nolan is hit by Paul Ladue and loses puck.
5:00 of 2nd period - Snap shot by Tyler Wotherspoon.
5:00 of 2nd period - Stopped by Ilya Sorokin without a rebound.
5:01 of 2nd period - Kevin Hayes wins face-off versus Sidney Crosby in Flyers zone.
5:14 of 2nd period - Snap shot by Kasperi Kapanen.
5:14 of 2nd period - Stopped by Matt Murray with a rebound.
5:16 of 2nd period - Slapshot by Kevin Hayes.
5:16 of 2nd period - Stopped by Matt Murray with a rebound.
5:18 of 2nd period - Snap shot by Kasperi Kapanen.
5:18 of 2nd period - Stopped by Matt Murray without a rebound.
5:19 of 2nd period - Jordan Nolan wins face-off versus Evgeny Grachev in Stars zone.
5:56 of 2nd period - Wrist shot by Sidney Crosby.
5:56 of 2nd period - Stopped by Ilya Sorokin with a rebound.
5:58 of 2nd period - Snap shot by Jake Guentzel.
5:58 of 2nd period - Stopped by Ilya Sorokin without a rebound.
5:59 of 2nd period - Calle Jarnkrok wins face-off versus Evgeny Kuznetsov in Flyers zone.
6:05 of 2nd period - Off-side.
6:06 of 2nd period - Calle Jarnkrok wins face-off versus Evgeny Kuznetsov in neutral zone.
6:19 of 2nd period - Jacob Trouba is hit by Cam Atkinson and loses puck.
6:42 of 2nd period - Slapshot by Jake Guentzel.
6:42 of 2nd period - Stopped by Ilya Sorokin with a rebound.
7:20 of 2nd period - Wrist shot by Cam Atkinson.
7:20 of 2nd period - Stopped by Ilya Sorokin without a rebound.
7:21 of 2nd period - Jordan Nolan wins face-off versus Evgeny Kuznetsov in Flyers zone.
7:28 of 2nd period - Snap shot by Travis Konecny.
7:28 of 2nd period - Stopped by Matt Murray with a rebound.
7:30 of 2nd period - Slapshot by Brian Lashoff.
7:30 of 2nd period - Stopped by Matt Murray without a rebound.
7:31 of 2nd period - Jordan Nolan wins face-off versus Sidney Crosby in Stars zone.
8:04 of 2nd period - Wrist shot by Evgeny Grachev.
8:04 of 2nd period - Stopped by Ilya Sorokin without a rebound.
8:05 of 2nd period - Jake Guentzel wins face-off versus Kevin Hayes in Flyers zone.
8:20 of 2nd period - Icing by Erik Karlsson.
8:21 of 2nd period - Kevin Hayes wins face-off versus Evgeny Grachev in Flyers zone.
9:44 of 2nd period - Snap shot by Evgeny Grachev.
9:44 of 2nd period - Stopped by Ilya Sorokin with a rebound.
10:09 of 2nd period - Henrik Borgstrom is hit by Lucas Wallmarkk.
10:26 of 2nd period - Minor Penalty to Alexandre Grenier for High sticking.
10:27 of 2nd period - Sidney Crosby wins face-off versus Kevin Hayes in Flyers zone.
10:27 of 2nd period - Snap shot by Jake Guentzel.
10:27 of 2nd period - Deflect By Sidney Crosby.
10:27 of 2nd period - Stopped by Ilya Sorokin without a rebound.
10:28 of 2nd period - Sidney Crosby wins face-off versus Kevin Hayes in Flyers zone.
10:45 of 2nd period - Hampus Lindholm is hit by Paul Ladue and loses puck.
10:59 of 2nd period - Off-side.
11:00 of 2nd period - Calle Jarnkrok wins face-off versus Evgeny Grachev in neutral zone.
11:03 of 2nd period - Slapshot by Jacob Trouba.
11:03 of 2nd period - Shot Misses the Net.
11:45 of 2nd period - Slapshot by Evgeny Grachev.
11:45 of 2nd period - Deflect By Guillaume Latendresse.
11:45 of 2nd period - Stopped by Ilya Sorokin with a rebound.
12:20 of 2nd period - Kevin Hayes is hit by Guillaume Latendresse and loses puck.
12:26 of 2nd period - Penalty to Alexandre Grenier is over, Alexandre Grenier is back on ice.
12:35 of 2nd period - Wrist shot by Alex Chiasson.
12:35 of 2nd period - Stopped by Ilya Sorokin without a rebound.
12:36 of 2nd period - Nick Ritchie wins face-off versus Sidney Crosby in Flyers zone.
12:41 of 2nd period - Michael Grabner is hit by Travis Konecny and loses puck.
13:35 of 2nd period - Kasperi Kapanen is hit by Henrik Borgstrom and loses puck.
14:25 of 2nd period - Henrik Borgstrom is hit by Hampus Lindholm.
15:11 of 2nd period - Wrist shot by Max Pacioretty.
15:11 of 2nd period - Stopped by Matt Murray with a rebound.
15:35 of 2nd period - Snap shot by Evgeny Kuznetsov.
15:35 of 2nd period - Stopped by Ilya Sorokin without a rebound.
15:36 of 2nd period - Sidney Crosby wins face-off versus Nick Ritchie in Flyers zone.
15:45 of 2nd period - Snap shot by Sidney Crosby.
15:45 of 2nd period - Shot Misses the Net.
15:47 of 2nd period - Slapshot by Anton Cederholm.
15:47 of 2nd period - Deflect By Sidney Crosby.
15:47 of 2nd period - Stopped by Ilya Sorokin with a rebound.
16:41 of 2nd period - Snap shot by Sidney Crosby.
16:41 of 2nd period - Stopped by Ilya Sorokin with a rebound.
17:05 of 2nd period - Backhand shot by Jake Guentzel.
17:05 of 2nd period - Shot Misses the Net.
17:37 of 2nd period - Wrist shot by Travis Konecny.
17:37 of 2nd period - Stopped by Matt Murray with a rebound.
18:04 of 2nd period - Wrist shot by Jake Guentzel.
18:04 of 2nd period - Stopped by Ilya Sorokin with a rebound.
18:06 of 2nd period - Snap shot by Ben Chiarot.
18:06 of 2nd period - Deflect By Nathan Beaulieu.
18:06 of 2nd period - Stopped by Ilya Sorokin without a rebound.
18:07 of 2nd period - Kevin Hayes wins face-off versus Evgeny Grachev in Flyers zone.
18:16 of 2nd period - Evgeny Grachev is hit by Kasperi Kapanen and loses puck.
18:33 of 2nd period - Andrej Sustr is hit by Samuel Morin and loses puck.
19:50 of 2nd period - Henrik Borgstrom is hit by Michael Bournival and loses puck.
Goals for this period are 0 for Stars vs 1 for Flyers.
Shots for this period are 16 for Stars vs 12 for Flyers.

3rd period


0:01 of 3rd period - Sidney Crosby wins face-off versus Travis Konecny in neutral zone.
0:12 of 3rd period - Snap shot by Sidney Crosby.
0:12 of 3rd period - Stopped by Ilya Sorokin with a rebound.
0:14 of 3rd period - Wrist shot by Michael Grabner.
0:14 of 3rd period - Deflect By Travis Konecny.
0:14 of 3rd period - Shot Misses the Net.
0:14 of 3rd period - Puck is out of play.
0:15 of 3rd period - Evgeny Grachev wins face-off versus Kevin Hayes in Flyers zone.
0:16 of 3rd period - Snap shot by Alex Chiasson.
0:16 of 3rd period - Stopped by Ilya Sorokin without a rebound.
0:17 of 3rd period - Kevin Hayes wins face-off versus Evgeny Grachev in Flyers zone.
2:47 of 3rd period - Wrist shot by Lucas Wallmarkk.
2:47 of 3rd period - Deflect By Tyler Wotherspoon.
2:47 of 3rd period - Stopped by Matt Murray without a rebound.
2:48 of 3rd period - Jordan Nolan wins face-off versus Sidney Crosby in Stars zone.
2:52 of 3rd period - Minor Penalty to Sidney Crosby for Hooking.
2:53 of 3rd period - Alex Chiasson wins face-off versus Jordan Nolan in Stars zone.
4:02 of 3rd period - Guillaume Latendresse is hit by Kevin Hayes and loses puck.
4:52 of 3rd period - Penalty to Sidney Crosby is over, Sidney Crosby is back on ice.
5:15 of 3rd period - Slapshot by Jake Guentzel.
5:15 of 3rd period - Shot Blocked by Brian Lashoff.
5:21 of 3rd period - Minor Penalty to Calle Jarnkrok for Tripping.
5:22 of 3rd period - Kevin Hayes wins face-off versus Sidney Crosby in Flyers zone.
5:51 of 3rd period - Off-side.
5:52 of 3rd period - Kevin Hayes wins face-off versus Sidney Crosby in neutral zone.
5:55 of 3rd period - Slapshot by Hampus Lindholm.
5:55 of 3rd period - Stopped by Matt Murray without a rebound.
5:56 of 3rd period - Sidney Crosby wins face-off versus Kevin Hayes in Stars zone.
6:26 of 3rd period - Samuel Morin is hit by Alex Chiasson and loses puck.
7:21 of 3rd period - Penalty to Calle Jarnkrok is over, Calle Jarnkrok is back on ice.
7:29 of 3rd period - Snap shot by Calle Jarnkrok.
7:29 of 3rd period - Shot Misses the Net.
7:39 of 3rd period - Calle Jarnkrok is hit by Cam Atkinson and loses puck.
8:20 of 3rd period - Wrist shot by Michael Grabner.
8:20 of 3rd period - Shot Blocked by Niclas Bergfors.
8:22 of 3rd period - Slapshot by Tyler Wotherspoon.
8:22 of 3rd period - Shot Blocked by Calle Jarnkrok.
8:34 of 3rd period - Cal Foote is hit by Evgeny Kuznetsov and loses puck.
8:59 of 3rd period - Slapshot by Hampus Lindholm.
8:59 of 3rd period - Stopped by Matt Murray without a rebound.
9:00 of 3rd period - Lucas Wallmarkk wins face-off versus Evgeny Grachev in Stars zone.
9:19 of 3rd period - Alexandre Grenier is hit by Ben Chiarot and loses puck.
9:41 of 3rd period - Slapshot by Hampus Lindholm.
9:41 of 3rd period - Stopped by Matt Murray without a rebound.
9:42 of 3rd period - Jordan Nolan wins face-off versus Sidney Crosby in Stars zone.
10:08 of 3rd period - Icing by Kevin Hayes.
10:09 of 3rd period - Kevin Hayes wins face-off versus Evgeny Kuznetsov in Flyers zone.
10:25 of 3rd period - Snap shot by Tobias Rieder.
10:25 of 3rd period - Stopped by Ilya Sorokin without a rebound.
10:26 of 3rd period - Jordan Nolan wins face-off versus Sidney Crosby in Flyers zone.
10:39 of 3rd period - Snap shot by Sidney Crosby.
10:39 of 3rd period - Deflect By Nick Ritchie.
10:39 of 3rd period - Shot Blocked by Jacob Trouba.
10:39 of 3rd period - Puck is out of play.
10:40 of 3rd period - Jordan Nolan wins face-off versus Michael Grabner in Flyers zone.
11:46 of 3rd period - Cal Foote is hit by Evgeny Kuznetsov and loses puck.
12:05 of 3rd period - Snap shot by Tobias Rieder.
12:05 of 3rd period - Stopped by Ilya Sorokin without a rebound.
12:06 of 3rd period - Lucas Wallmarkk wins face-off versus Sidney Crosby in Flyers zone.
12:23 of 3rd period - Brian Lashoff is hit by Jake Guentzel and loses puck.
12:38 of 3rd period - Snap shot by Hampus Lindholm.
12:38 of 3rd period - Deflect By Jordan Nolan.
12:38 of 3rd period - Shot Blocked by Christopher Tanev.
12:38 of 3rd period - Puck is out of play.
12:39 of 3rd period - Jordan Nolan wins face-off versus Evgeny Grachev in Stars zone.
13:04 of 3rd period - Slapshot by Hampus Lindholm.
13:04 of 3rd period - Deflect By Nick Ritchie.
13:04 of 3rd period - Shot Hit the Post.
13:04 of 3rd period - Puck is out of play.
13:05 of 3rd period - Michael Grabner wins face-off versus Kevin Hayes in Stars zone.
13:16 of 3rd period - Slapshot by Jake Guentzel.
13:16 of 3rd period - Shot Misses the Net.
13:34 of 3rd period - Ben Chiarot is hit by Calle Jarnkrok.
13:38 of 3rd period - Calle Jarnkrok is hit by Tyler Wotherspoon and loses puck.
14:13 of 3rd period - Wrist shot by Kevin Hayes.
14:13 of 3rd period - Deflect By Kasperi Kapanen.
14:13 of 3rd period - Deflect By Henrik Borgstrom.
14:13 of 3rd period - Shot Misses the Net.
14:13 of 3rd period - Puck is out of play.
14:14 of 3rd period - Sidney Crosby wins face-off versus Kevin Hayes in Stars zone.
14:14 of 3rd period - Sidney Crosby is hit by Kevin Hayes.
14:27 of 3rd period - Snap shot by Kevin Hayes.
14:27 of 3rd period - Stopped by Matt Murray without a rebound.
14:28 of 3rd period - Nick Ritchie wins face-off versus Sidney Crosby in Stars zone.
14:59 of 3rd period - Wrist shot by Max Pacioretty.
14:59 of 3rd period - Shot Misses the Net.
15:08 of 3rd period - Off-side.
15:09 of 3rd period - Evgeny Kuznetsov wins face-off versus Calle Jarnkrok in neutral zone.
15:14 of 3rd period - Snap shot by Cam Atkinson.
15:14 of 3rd period - Stopped by Ilya Sorokin with a rebound.
15:16 of 3rd period - Snap shot by Tobias Rieder.
15:16 of 3rd period - Stopped by Ilya Sorokin without a rebound.
15:17 of 3rd period - Calle Jarnkrok wins face-off versus Evgeny Kuznetsov in Flyers zone.
15:47 of 3rd period - Snap shot by Niclas Bergfors.
15:47 of 3rd period - Shot Misses the Net.
16:23 of 3rd period - Snap shot by Christopher Tanev.
16:23 of 3rd period - Stopped by Ilya Sorokin with a rebound.
16:49 of 3rd period - Snap shot by Cam Atkinson.
16:49 of 3rd period - Stopped by Ilya Sorokin with a rebound.
16:51 of 3rd period - Backhand shot by Cam Atkinson.
16:51 of 3rd period - Stopped by Ilya Sorokin with a rebound.
16:53 of 3rd period - Snap shot by Tobias Rieder.
16:53 of 3rd period - Stopped by Ilya Sorokin without a rebound.
16:54 of 3rd period - Jordan Nolan wins face-off versus Sidney Crosby in Flyers zone.
16:54 of 3rd period - Jordan Nolan is hit by Paul Ladue.
17:07 of 3rd period - Wrist shot by Jake Guentzel.
17:07 of 3rd period - Deflect By Michael Grabner.
17:07 of 3rd period - Shot Blocked by Jordan Nolan.
17:07 of 3rd period - Puck is out of play.
17:08 of 3rd period - Jordan Nolan wins face-off versus Sidney Crosby in Flyers zone.
17:20 of 3rd period - Slapshot by Paul Ladue.
17:20 of 3rd period - Shot Misses the Net.
18:30 of 3rd period - Icing by Michael Grabner.
18:31 of 3rd period - Evgeny Grachev wins face-off versus Michael Bournival in Stars zone.
18:46 of 3rd period - Stars, Matt Murray is pulled from the net.
19:15 of 3rd period - Wrist shot by Kasperi Kapanen.
19:15 of 3rd period - Goal by Kasperi Kapanen - Stars : 0 - Flyers : 2.
19:15 of 3rd period - Matt Murray from Stars was sent back in the game.
19:16 of 3rd period - Evgeny Kuznetsov wins face-off versus Calle Jarnkrok in neutral zone.
19:21 of 3rd period - Slapshot by Cam Atkinson.
19:21 of 3rd period - Shot Misses the Net.
19:29 of 3rd period - Backhand shot by Erik Karlsson.
19:29 of 3rd period - Shot Misses the Net.
19:43 of 3rd period - Michael Grabner is hit by Erik Karlsson and loses puck.
19:48 of 3rd period - Slapshot by Kevin Hayes.
19:48 of 3rd period - Stopped by Matt Murray without a rebound.
19:49 of 3rd period - Kevin Hayes wins face-off versus Evgeny Grachev in Stars zone.
Goals for this period are 0 for Stars vs 1 for Flyers.
Shots for this period are 10 for Stars vs 7 for Flyers.